 Dungeon Crawl Stone Soup version 0.26-a0-651-gb41185065b (webtiles) character file.

Game seed: 9243316247734404518

246052 Flugslaktarn the Severer (level 18, -1/183 HPs)
             Began as a Deep Dwarf Fighter on Oct 19, 2020.
             Was the Champion of Makhleb.
             Slain by a death cob (10 damage)
             ... on level 1 of the Realm of Zot.
             The game lasted 00:15:59 (17189 turns).

Flugslaktarn the Severer (Deep Dwarf Fighter)      Turns: 17189, Time: 00:15:59

Health: -1/183     AC: 26    Str: 21    XL:     18   Next: 29%
Magic:  3/3        EV: 18    Int: 13    God:    Makhleb [******]
Gold:   1110       SH:  0    Dex: 17    Spells: 17/17 levels left

rFire    + . .     SeeInvis .   a - +7 battleaxe "Ukeffiac" {freeze, +Inv Int+2}
rCold    + + .     Faith    .   (shield currently unavailable)
rNeg     + . .     Spirit   .   M - +1 plate armour {rPois}
rPois    +         Reflect  .   O - +2 helmet (curse)
rElec    .         Harm     .   s - scarf {rC+ rF+}
rCorr    .         Rampage  .   (no gloves)
MR       ++...     Rnd*Tele +   L - +0 pair of boots
Stlth    ..........             y - amulet of the acrobat
HPRegen  0.00/turn              p - +4 ring of protection
MPRegen  0.08/turn              v - +4 ring of evasion

@: non-regenerating, slowed, very slow
A: damage resistance, heal wounds, cold resistance 1, deterioration 1, negative
energy resistance 1, sense surroundings 3, teleportitis 1, MP-powered wands, no
regeneration
}: 3/15 runes: serpentine, barnacled, abyssal
a: Heal Wounds, Minor Destruction, Lesser Servant of Makhleb, Major Destruction,
Greater Servant of Makhleb, Renounce Religion, Evoke Invisibility


You were on level 1 of the Realm of Zot.
You worshipped Makhleb.
Makhleb was exalted by your worship.
You visited 8 branches of the dungeon, and saw 35 of its levels.
You visited the Abyss 1 time.

You collected 2778 gold pieces.
You spent 1668 gold pieces at shops.

Inventory:

Hand Weapons
 a - the +7 battleaxe "Ukeffiac" (weapon) {freeze, +Inv Int+2}
   (You found it on level 9 of the Dungeon)

   It has been specially enchanted to freeze those struck by it, causing extra
   injury to most foes and up to half again as much damage against particularly
   susceptible opponents.
   It can also slow down cold-blooded creatures.
   It affects your intelligence (+2).
   It lets you turn invisible.
 b - a +2 dagger of distortion
   (You took it off Sonja on level 2 of the Lair of Beasts)
Missiles
 u - 4 throwing nets (quivered)
Armour
 s - a scarf of resistance (worn)
   (You found it on level 5 of the Dungeon)
 D - a +0 kite shield
 L - a +0 pair of boots (worn)
   (You found it on level 2 of the Lair of Beasts)
 M - a +1 plate armour of poison resistance (worn)
   (You bought it in a shop on level 2 of the Orcish Mines)
 N - a +0 cloak
   (You found it on level 5 of the Dungeon)
 O - a cursed +2 helmet (worn)
   (You found it on level 4 of the Dungeon)
Jewellery
 c - an uncursed ring of protection from cold
   (You found it on level 12 of the Dungeon)
 i - an uncursed ring of see invisible
   (You found it on level 7 of the Dungeon)
 k - an uncursed ring of resist corrosion
   (You found it on level 10 of the Dungeon)
 p - a +4 ring of protection (left hand)
   (You bought it in a shop on level 2 of the Orcish Mines)
 v - a +4 ring of evasion (right hand)
   (You found it on level 12 of the Dungeon)
 y - an amulet of the acrobat (around neck)
   (You found it on level 11 of the Dungeon)
Wands
 g - a wand of digging (13)
   (You found it on level 11 of the Dungeon)
 o - a wand of iceblast (8)
   (You found it on level 4 of the Abyss)
 E - a wand of acid (16)
   (You found it on level 12 of the Dungeon)
 G - a wand of paralysis (4)
   (You took it off a wight on level 8 of the Dungeon)
 K - a wand of enslavement (9)
   (You found it on level 4 of the Shoals)
 R - a wand of flame (13)
   (You found it on level 5 of the Depths)
Scrolls
 e - 6 scrolls of fear
 j - 4 scrolls of fog
 l - 4 scrolls of magic mapping
 m - 2 scrolls of brand weapon
 r - 12 scrolls of identify
 t - 6 scrolls of teleportation
 x - 12 scrolls of remove curse
 z - 2 scrolls of blinking
 A - a scroll of summoning
 B - 3 scrolls of enchant weapon
 I - a scroll of holy word
Potions
 d - a potion of might
 f - 3 potions of ambrosia
 h - 5 potions of haste
 n - 6 potions of flight
 q - 7 potions of curing
 w - 4 potions of heal wounds
 H - a potion of berserk rage
 J - 3 potions of mutation
 P - a potion of lignification
 Q - a potion of magic {unknown}
Miscellaneous
 C - a tin of tremorstones (inert)
   (You bought it in a shop on level 2 of the Orcish Mines)
 F - a condenser vane (2/2)
   (You bought it in a shop on level 2 of the Orcish Mines)


   Skills:
 * Level 16.4 Fighting
 - Level 18.0 Axes
 + Level 14.2 Armour
 + Level 13.6 Dodging
 - Level 4.3 Shields
 - Level 15.0 Invocations
 - Level 10.0 Evocations


You had 17 spell levels left.
You didn't know any spells.
Your spell library was empty.

Dungeon Overview and Level Annotations

Branches:
Dungeon (15/15)            Temple (1/1) D:7            Lair (3/6) D:11
 Shoals (4/4) Lair:3        Snake (4/4) Lair:3          Orc (2/2) D:10
    Elf (0/3) Orc:2        Vaults (0/5) D:13         Depths (5/5) D:15
    Zot (1/5) Depths:5

Altars:
Ashenzari
Cheibriados
Dithmenos
Elyvilon
Fedhas
Gozag
Hepliaklqana
Kikubaaqudgha
Makhleb
Nemelex Xobeh
Okawaru
Qazlal
Ru
Sif Muna
Trog
Uskayaw
Vehumet
Wu Jian
Xom
Yredelemnul
Zin

Shops:
D:5 !   Orc:2 [}!=

Portals:
Hell: Depths:5

Annotations:
Snake:4 Vashnia


Innate Abilities, Weirdness & Mutations

You are resistant to damage.
You can heal yourself by infusing magical energy.
You resist negative energy. (rN+)
You passively map a large area around you.
You do not regenerate.
Your flesh is cold resistant. (rC+)
Your body sometimes deteriorates upon taking damage.
You are occasionally teleported next to monsters.
You expend magic power (3 MP) to strengthen your wands.


Message History

The burst of rock shards engulfs the yellow draconian.
The burst of rock shards engulfs something.
The burst of rock shards engulfs you but does no damage.
The burst of rock shards engulfs the golden dragon but does no damage.
The burst of rock shards engulfs the yellow draconian.
You hear a roar!
The burst of rock shards engulfs the yellow draconian.
The burst of rock shards engulfs something!
The burst of rock shards engulfs the yellow draconian!
The burst of rock shards engulfs the white draconian!
The burst of rock shards engulfs the yellow draconian.
The burst of rock shards engulfs the white draconian.
The burst of rock shards engulfs the death cob.
The burst of rock shards engulfs something.
The burst of rock shards engulfs you!
* * * LOW HITPOINT WARNING * * *
The burst of rock shards engulfs the golden dragon.
The burst of rock shards engulfs the yellow draconian!
The tin is emptied!
The death cob hits you!
You die...

,,,*,.........##
,,,,,..........##
,,,,,...........##
,,,,,............##
,,,,,⌠......∩.....##
,,,,,......##......##
,,,,,....#**##......##
,,**,...,,** ##.....>##
,,***.,,,,,** ##@D....#* ,**
**,,,,,,** ##z.....#* ,,**
**,,,,,,****dd.....** ,,,**
**,,,,,,,,,.......,**
,,,,***,,,,,,,,,,d......,,**
,,,,,,,,,,,,,,,,,.....[.,,,**
,,,,,,,,,,,,,,,,,.......,,,,**
,,,,,,,,,,,,,,,,,.......,,,,,**
,,,,,,,,,,,,,,,,,,,,,,,,,,,,,,*


You could see a golden dragon (catching breath), 2 draconians, a white draconian
and a death cob.

Vanquished Creatures
  3 golden dragons (Depths:5)
  A kraken (Shoals:4)
  2 tentacled starspawn (Abyss:4)
  Agnes (Snake:3)
  A tengu reaver (Depths:5)
  A draconian monk (Depths:5)
  5 nagarajas
  A draconian scorcher (Depths:5)
  An iron dragon (Depths:4)
  4 frost giants
  Aizul (Snake:4)
  An ironheart preserver (D:13)
  4 very ugly things (Depths:5)
  An entropy weaver (Abyss:4)
  Nessos (D:12)
  2 stone giants
  A black draconian (Depths:5)
  A red draconian (Depths:5)
  2 purple draconians (Depths:5)
  A green draconian (Depths:5)
  A white draconian (Depths:5)
  2 ettins (Depths:5)
  4 merfolk javelineers
  Snorg (Orc:2)
  2 great orbs of eyes
  3 jiangshi (Depths:1)
  4 fire dragons
  A merfolk impaler (Shoals:4)
  3 yaktaur captains
  Harold (D:10)
  A rakshasa (Abyss:4)
  4 ogre magi (Orc:2)
  3 ice dragons
  A spriggan air mage (Depths:4)
  10 naga warriors
  A catoblepas (D:14)
  18 two-headed ogres
  17 anacondas
  A merfolk avatar (Shoals:4)
  An alligator snapping turtle (Shoals:4)
  2 merfolk aquamancers (Shoals:4)
  A death knight (D:13)
  3 centaur warriors
  5 death yaks (Lair:3)
  A deep troll shaman (Depths:1)
  3 deep troll earth magi
  A tengu warrior (Depths:1)
  2 thrashing horrors (Abyss:4)
  A vampire mage (Depths:1)
  Sonja (Lair:2)
  5 shock serpents
  3 salamander mystics
  2 naga sharpshooters (Snake:4)
  A wretched star (Abyss:4)
  6 sea snakes
  5 deep trolls
  4 skeletal warriors (D:14)
  An unseen horror (D:14)
  2 spatial maelstroms (Abyss:4)
  A glowing orange brain (Depths:1)
  5 naga ritualists
  A flayed ghost (Depths:5)
  A deep elf mage (D:15)
  A wolf spider zombie (D:14)
  An orc knight (Orc:1)
  7 harpies
  6 salamanders
  An orc sorcerer (Orc:2)
  17 ugly things
  11 mana vipers
  11 manticores
  A salamander (shapeshifter) (D:15)
  3 cyclopes
  An elephant (shapeshifter) (Depths:5)
  2 worldbinders (Abyss:4)
  A black mamba (shapeshifter) (Depths:1)
  17 black mambas
  6 guardian serpents
  5 merfolk sirens
  2 water nymphs (Shoals:4)
  9 naga magi
  2 cane toads
  An apocalypse crab (Abyss:4)
  5 centaur zombies
  A yaktaur (shapeshifter) (D:15)
  3 starcursed masses (Abyss:4)
  2 kobold demonologists
  2 efreet (D:13)
  12 yaktaurs
  A komodo dragon (D:11)
  A demonic crawler (Abyss:4)
  2 ancient zymes (Abyss:4)
  16 merfolk
  13 trolls
  A raiju (Abyss:4)
  A troll (shapeshifter) (D:15)
  3 hornets
  A wind drake (shapeshifter) (D:13)
  4 dream sheep (Shoals:2)
  5 wind drakes (Shoals:4)
  Prince Ribbit (Lair:3)
  2 blink frogs (Lair:3)
  10 hippogriffs
  15 slime creatures
  7 snapping turtles
  19 yaks
  A spriggan (shapeshifter) (D:15)
  2 wraiths
  4 shadows
  A wyvern (D:12)
  A basilisk (Lair:3)
  2 fire bats (Depths:1)
  A vampire (D:11)
  2 water elementals
  A neqoxec (Abyss:4)
  A chaos spawn (Abyss:4)
  6 water moccasins
  4 wargs
  38 nagas
  2 spatial vortices (Abyss:4)
  A porcupine (Lair:2)
  A small abomination (Abyss:4)
  A soldier ant (D:13)
  3 black bears
  6 ice beasts
  A phantom (D:13)
  11 orc warriors
  A manticore zombie (Abyss:4)
  6 sky beasts
  A tengu (shapeshifter) (Depths:3)
  7 boggarts
  31 ogres
  24 centaurs
  5 crocodiles
  Blork the orc (D:6)
  A big kobold (D:12)
  15 bullfrogs
  A water moccasin zombie (D:7)
  An earth elemental (Abyss:4)
  2 wyvern skeletons
  7 scorpions
  10 wights
  3 howler monkeys (D:12)
  2 jellies
  A bullfrog zombie (D:7)
  6 hounds
  8 orc priests
  15 orc wizards
  2 iguanas
  9 centaur skeletons
  2 bullfrog skeletons
  18 worker ants
  2 human simulacra (D:12)
  A howler monkey zombie (D:10)
  A worker ant zombie (D:9)
  4 gnolls (D:6)
  8 adders
  2 shadow imps
  3 white imps
  5 ufetubi
  An ooze (D:3)
  3 adder zombies
  An adder skeleton (D:4)
  A worm (D:3)
  3 leopard geckos
  56 orcs
  3 bats (D:3)
  5 giant cockroaches
  4 goblins
  3 hobgoblins
  9 jackals
  9 quokkas
  A frilled lizard (D:3)
  A jackal skeleton (D:6)
  8 kobolds
  3 rats
  2 starspawn tentacles (Abyss:4)
  4 tentacles (Shoals:4)
815 creatures vanquished.

Vanquished Creatures (collateral kills)
  2 naga warriors (Snake:4)
  2 hydras
  A naga sharpshooter (Snake:4)
  A naga ritualist (Snake:4)
  2 mana vipers (Snake:4)
  3 naga magi (Snake:4)
  11 nagas
  A porcupine (Lair:3)
23 creatures vanquished.

Vanquished Creatures (others)
  A naga ritualist (Snake:4)
  A salamander (Depths:1)
  2 nagas (Snake:4)
  A human (D:5)
  A kobold (D:12)
  5 fungi
  A lurking horror (Abyss:4)
  13 plants
  8 starspawn tentacles (Abyss:4)
  4 tentacles (Shoals:4)
37 creatures vanquished.

Grand Total: 875 creatures vanquished

Notes
Turn   | Place    | Note
-------+----------+-------------------------------------------
     0 | D:1      | Flugslaktarn the Deep Dwarf Fighter began the quest for the
                  | Orb.
     0 | D:1      | Reached XP level 1. HP: 20/20 MP: 1/1
   341 | D:3      | Found a hazy altar of Hepliaklqana.
   418 | D:4      | Reached XP level 2. HP: 25/27 MP: 2/2
   585 | D:4      | Reached skill level 3 in Axes
   585 | D:4      | Reached XP level 3. HP: 21/34 MP: 3/3
   726 | D:4      | Found a broken altar of Ashenzari.
   753 | D:4      | Reached XP level 4. HP: 9/42 MP: 2/2
   913 | D:4      | Found an ancient bone altar of Kikubaaqudgha.
  1159 | D:5      | Entered Level 5 of the Dungeon
  1306 | D:5      | Noticed a sky beast
  1338 | D:5      | Killed a sky beast
  1338 | D:5      | Reached skill level 4 in Axes
  1338 | D:5      | Reached XP level 5. HP: 44/50 MP: 2/2
  1398 | D:5      | Found Yresian's Distillery.
  1634 | D:5      | Found an ancient bone altar of Kikubaaqudgha.
  1696 | D:5      | Noticed a human
  1697 | D:5      | Killed a human
  1782 | D:5      | Reached XP level 6. HP: 45/57 MP: 3/3
  1889 | D:6      | Noticed an ice beast
  1891 | D:6      | Noticed Blork the orc
  1904 | D:6      | Killed an ice beast
  1904 | D:6      | Reached skill level 5 in Axes
  1904 | D:6      | Reached skill level 1 in Dodging
  1924 | D:6      | Killed Blork the orc
  1924 | D:6      | Reached XP level 7. HP: 45/66 MP: 4/4
  1975 | D:6      | Reached skill level 5 in Fighting
  1985 | D:6      | Found a white marble altar of Elyvilon.
  2003 | D:6      | Got a scorched garnet amulet
  2039 | D:6      | Reached skill level 5 in Armour
  2149 | D:6      | Reached skill level 6 in Axes
  2170 | D:6      | Reached XP level 8. HP: 36/76 MP: 3/3
  2331 | D:6      | Reached skill level 7 in Axes
  2381 | D:6      | Found a snail-covered altar of Cheibriados.
  2591 | D:7      | Identified the amulet of the Iron Devil {Inacc Str+2 Dex-2
                  | SInv} (You found it on level 6 of the Dungeon)
  2720 | D:7      | Found a staircase to the Ecumenical Temple.
  2765 | Temple   | Entered the Ecumenical Temple
  3064 | D:3      | Found a shadowy altar of Dithmenos.
  3130 | D:3      | Found a white marble altar of Elyvilon.
  3131 | D:3      | Found a sparkling altar of Nemelex Xobeh.
  3132 | D:3      | Found a sacrificial altar of Ru.
  3135 | D:3      | Found a shimmering altar of Xom.
  3136 | D:3      | Found a burning altar of Makhleb.
  3214 | D:3      | Became a worshipper of Makhleb the Destroyer
  3314 | D:3      | Found a faded altar of an unknown god.
  3687 | D:7      | Gained mutation: You passively map the area around you.
                  | [Deep Dwarf growth]
  3687 | D:7      | Reached XP level 9. HP: 55/85 MP: 3/3
  3932 | D:8      | Reached skill level 1 in Invocations
  3978 | D:8      | Paralysed by a wight for 3 turns
  3984 | D:8      | Reached skill level 8 in Axes
  4056 | D:8      | Reached * piety under Makhleb
  4070 | D:8      | Reached skill level 1 in Evocations
  4165 | D:8      | Found a stormy altar of Qazlal.
  4632 | D:9      | Got a crystal battleaxe
  4633 | D:9      | Identified the +7 battleaxe "Ukeffiac" {freeze, +Inv Int+2}
                  | (You found it on level 9 of the Dungeon)
  4675 | D:9      | Reached skill level 5 in Dodging
  4740 | D:9      | Reached skill level 9 in Axes
  4799 | D:9      | Noticed a troll
  4806 | D:9      | Killed a troll
  4988 | D:9      | Reached XP level 10. HP: 57/96 MP: 5/5
  4993 | D:9      | Paralysed by a hornet for 2 turns
  5106 | D:10     | Entered Level 10 of the Dungeon
  5138 | D:10     | Found a blossoming altar of Fedhas.
  5259 | D:10     | Reached ** piety under Makhleb
  5436 | D:10     | Found a staircase to the Orcish Mines.
  5516 | D:10     | Noticed Harold
  5525 | D:10     | Killed Harold
  5574 | D:10     | Reached skill level 5 in Invocations
  5863 | D:11     | Reached skill level 10 in Axes
  5919 | D:11     | Found a staircase to the Lair.
  5946 | D:11     | Reached skill level 5 in Evocations
  5974 | D:11     | Reached *** piety under Makhleb
  6057 | D:11     | Noticed a white ugly thing
  6062 | D:11     | Killed a white ugly thing
  6062 | D:11     | Reached XP level 11. HP: 46/106 MP: 5/5
  6830 | D:12     | Noticed a two-headed ogre
  6837 | D:12     | Killed a two-headed ogre
  7281 | D:12     | Noticed Nessos
  7298 | D:12     | HP: 3/106 [Nessos/arrow (8)]
  7307 | D:12     | Killed Nessos
  7508 | D:12     | Reached skill level 11 in Axes
  7513 | D:12     | Reached **** piety under Makhleb
  7820 | D:13     | Noticed a death knight
  7821 | D:13     | Noticed an ironheart preserver
  7832 | D:13     | Killed a death knight
  7833 | D:13     | Found a gate to the Vaults.
  7849 | D:13     | Reached skill level 10 in Fighting
  7853 | D:13     | Killed an ironheart preserver
  7854 | D:13     | Reached XP level 12. HP: 80/116 MP: 3/3
  8123 | D:13     | Noticed a two-headed ogre
  8133 | D:13     | Killed a two-headed ogre
  8171 | D:13     | Reached skill level 12 in Axes
  8699 | D:14     | Noticed a catoblepas
  8699 | D:14     | Noticed a two-headed ogre
  8703 | D:14     | Killed a catoblepas
  8712 | D:13     | Killed a two-headed ogre
  8712 | D:13     | Reached ***** piety under Makhleb
  8719 | D:14     | Paralysed by a hornet for 2 turns
  8761 | D:14     | Paralysed by a hornet for 3 turns
  8820 | D:14     | You fall into a shaft and drop 1 floor!
  8820 | D:15     | Entered Level 15 of the Dungeon
  8855 | D:15     | Noticed a centaur warrior
  8903 | D:14     | Reached XP level 13. HP: 18/127 MP: 3/3
  9059 | D:14     | Noticed a fire dragon
  9067 | D:14     | Killed a fire dragon
  9242 | D:14     | Reached skill level 13 in Axes
  9671 | D:14     | Reached skill level 10 in Armour
 10036 | D:15     | Paralysed by a hornet for 3 turns
 10214 | D:15     | Reached skill level 10 in Invocations
 10319 | D:15     | Found a staircase to the Depths.
 10441 | Lair:1   | Entered Level 1 of the Lair of Beasts
 10692 | Lair:2   | Gained mutation: You resist negative energy. (rN+) [Deep
                  | Dwarf growth]
 10692 | Lair:2   | Reached XP level 14. HP: 93/138 MP: 3/3
 10717 | Lair:2   | Reached ****** piety under Makhleb
 10723 | Lair:2   | Reached skill level 10 in Evocations
 11039 | Lair:2   | Noticed Sonja
 11052 | Lair:2   | Killed Sonja
 11471 | Lair:3   | Reached skill level 14 in Axes
 11496 | Lair:3   | Found a staircase to the Snake Pit.
 11595 | Lair:3   | Noticed Prince Ribbit
 11599 | Lair:3   | Killed Prince Ribbit
 11734 | Lair:3   | Found a staircase to the Shoals.
 11853 | Lair:3   | Reached skill level 10 in Dodging
 12168 | Orc:1    | Entered Level 1 of the Orcish Mines
 12319 | Orc:2    | Entered Level 2 of the Orcish Mines
 12387 | Orc:2    | Noticed Snorg
 12400 | Orc:2    | Killed Snorg
 12452 | Orc:2    | Found a staircase to the Elven Halls.
 12743 | Orc:2    | Found Fiwafeff's Jewellery Emporium.
 12743 | Orc:2    | Found Vukly's Gadget Boutique.
 12744 | Orc:2    | Found Goyb's Distillery.
 12744 | Orc:2    | Found Zeinolanish's Armour Shoppe.
 12773 | Orc:2    | Reached skill level 15 in Axes
 12987 | Orc:1    | Reached XP level 15. HP: 145/147 MP: 5/5
 13179 | Orc:2    | Bought a +1 plate armour of poison resistance for 384 gold
                  | pieces
 13192 | Orc:2    | Bought a +4 ring of protection for 504 gold pieces
 13195 | Orc:2    | Bought a condenser vane (2/2) for 260 gold pieces
 13195 | Orc:2    | Bought a tin of tremorstones (3/3) for 520 gold pieces
 13383 | Snake:1  | Entered Level 1 of the Snake Pit
 13689 | Snake:2  | Found a bloodstained altar of Trog.
 13730 | Snake:2  | Noticed a nagaraja
 13904 | Snake:3  | Noticed Agnes
 13922 | Snake:3  | Killed Agnes
 14057 | Snake:4  | Entered Level 4 of the Snake Pit
 14343 | Snake:4  | Noticed a nagaraja
 14355 | Snake:4  | Reached skill level 16 in Axes
 14358 | Snake:4  | Killed a nagaraja
 14397 | Snake:4  | Reached XP level 16. HP: 126/159 MP: 1/5
 14433 | Snake:4  | Noticed Aizul
 14444 | Snake:4  | Killed Aizul
 14465 | Snake:4  | Noticed Vashnia
 14512 | Snake:4  | Got a serpentine rune of Zot
 14699 | Shoals:1 | Entered Level 1 of the Shoals
 14921 | Shoals:4 | Entered Level 4 of the Shoals
 15049 | Shoals:4 | Reached skill level 17 in Axes
 15499 | Shoals:4 | Noticed a kraken
 15518 | Shoals:4 | Reached skill level 15 in Fighting
 15526 | Shoals:4 | Killed a kraken
 15530 | Shoals:4 | Reached XP level 17. HP: 105/170 MP: 7/7
 15539 | Shoals:4 | Got a barnacled rune of Zot
 15798 | D:15     | Gained mutation: You expend magic power (3 MP) to
                  | strengthen your wands. [mutagenic glow]
 15813 | D:15     | Gained mutation: Your body sometimes deteriorates upon
                  | taking damage. [mutagenic glow]
 15820 | D:15     | Gained mutation: Your flesh is cold resistant. (rC+)
                  | [mutagenic glow]
 15884 | D:15     | Cast into level 3 of the Abyss (unwielding a weapon of
                  | distortion)
 15957 | Abyss:4  | Gained mutation: You are occasionally teleported next to
                  | monsters. [a neqoxec]
 16093 | Abyss:4  | Noticed a quicksilver dragon
 16200 | Abyss:4  | Got an abyssal rune of Zot
 16227 | Abyss:5  | Entered Level 5 of the Abyss
 16240 | D:15     | Escaped the Abyss
 16274 | Depths:1 | Entered Level 1 of the Depths
 16411 | Depths:1 | Identified the cursed +2 shortbow of Greed {flame, rElec
                  | rPois rC+++ Dex-2 Stlth+}
 16700 | Depths:4 | Reached skill level 18 in Axes
 16725 | Depths:5 | Entered Level 5 of the Depths
 16725 | Depths:5 | Noticed a golden dragon
 16740 | Depths:5 | Killed a golden dragon
 16761 | Depths:5 | Paralysed by a floating eye for 3 turns
 16912 | Depths:5 | Found a gateway to Hell.
 16978 | Depths:5 | Gained mutation: You passively map a large area around you.
                  | [Deep Dwarf growth]
 16978 | Depths:5 | Reached XP level 18. HP: 152/181 MP: 4/4
 17050 | Depths:5 | Noticed a golden dragon
 17068 | Depths:5 | Killed a golden dragon
 17080 | Depths:5 | Reached skill level 15 in Invocations
 17125 | Depths:5 | Noticed a golden dragon
 17135 | Depths:5 | Killed a golden dragon
 17158 | Depths:5 | Found a gate to the Realm of Zot.
 17171 | Zot:1    | Entered Level 1 of the Realm of Zot
 17176 | Zot:1    | Noticed a golden dragon
 17189 | Zot:1    | HP: 9/183 [shot self (7)]
 17189 | Zot:1    | Slain by a death cob

Illustrated notes

Levels and vault maps discovered:
D:1:      erik_arrival_cave_to_civilisation [erik_arrival_cave_to_hall],
          layout_basic, chequers_serial_rivers_room_a, minmay_worlds_worst_comb
D:2:      layout_basic, nicolae_overflow_crystal_walls, uniq_robin
D:3:      layout_basic, lemuel_doored_altar, old_standard_altar,
          grunt_temple_overflow_open, chequers_ecumenical_altar_simple
D:4:      layout_loops_ring, kennysheep_mini, evilmike_ruin_ashenzari,
          serial_bayou, serial_bayou_pond_e, serial_bayou_lagoon_a,
          serial_bayou_shore_a, serial_bayou_ford_a, serial_park_tiny_1
D:5:      layout_loops_ring, serial_shops, shop, tgw_kikubaaqudgha
D:6:      layout_basic, kennysheep_mini_moat, elyvilon_altar_4,
          uniq_blork_the_orc
D:7:      layout_basic, minmay_temple_entry_stoned_glass, grunt_ministairs_13
D:8:      layout_basic, kennysheep_little_box
D:9:      layout_loops_ring
D:10:     layout_roguey, hiddenorc1_lemuel, fedhas_altar_2, uniq_harold
D:11:     layout_basic, erik_lair_orcish_takeover
D:12:     layout_cave_pods, bh_circular_ruins, uniq_nessos
D:13:     layout_loops_ring, skrybe_vaults_entry_preservation
D:14:     layout_loops_cross, skrybe_limestone_x
D:15:     gammafunk_enter_depths_forms, layout_cave_pools,
          minmay_misc_feat_plants
Temple:   chequers_temple_sunken
Lair:1:   layout_cave_pods, st_stairs_8
Lair:2:   layout_long_grid, uniq_sonja
Lair:3:   layout_misc_corridors, elwin_shoals_entry_stream,
          minmay_snake_entry_guardpost_medium, uniq_prince_ribbit2
Shoals:1: layout_shoals
Shoals:2: layout_shoals
Shoals:3: layout_shoals, serial_shops, nicolae_shop_statue_plus
Shoals:4: shoals_end_hangedman, layout_shoals
Snake:1:  minmay_snake_river, layout_gridlike
Snake:2:  layout_onion_interference, basic_altar
Snake:3:  layout_gridlike, uniq_agnes
Snake:4:  johnstein_snake_rune_scales, layout_cave_town,
          chequers_hall_statues_wall_a, grunt_ministairs_2, uniq_aizul
Orc:1:    nicolae_orc_accident_1, layout_diamond_mine
Orc:2:    st_orc_ogre_mass, layout_caves, uniq_snorg
Depths:1: layout_basic, abyss_entry, hell_entry, grunt_decor_one_mirror,
          item_on_display_a, kennysheep_random_hallway, uniq_enchantress
Depths:2: hangedman_cross_veins, layout_basic, gammafunk_ghost_mausoleum,
          hell_entry, kennysheep_cluttered_room, pan_entry, serial_bayou_pond_a,
          uniq_sojobo, uniq_nikola
Depths:3: minmay_the_grid_octo_2x2 [minmay_the_grid_octo_concentric,
          minmay_the_grid_octo_tetromino_candy, minmay_the_grid_octo_fan_narrow,
          minmay_the_grid_octo_prize_square_snowflake], layout_basic,
          serial_shops, shop, abyss_entry, hangedman_coc_ice_floe, pan_entry
Depths:4: minmay_blocking_statues, layout_twisted_cross, minmay_crystal_water,
          abyss_entry, grunt_pan_entry_spiral, hell_entry, serial_shops, shop,
          nicolae_wwwww, serial_bayou_shore_b
Depths:5: grunt_zot_entry_hairpin, layout_gridlike, enter_ziggurat_b,
          hell_entry, minmay_misc_feat_iff, drop_trap
Zot:1:    layout_onion

Skill      XL: |  1  2  3  4  5  6  7  8  9 10 11 12 13 14 15 16 17 18 |
---------------+-------------------------------------------------------+-----
Fighting       | 3 4 5 6 7 9 10 11 12 13 14 15 16 | 16.4
Axes           | 3 4 5 6 7 9 10 11 12 13 15 16 17 18 | 18.0
Armour         | 4 5 6 7 8 9 10 11 12 13 14 | 14.2
Shields        | 4 |  4.3
Dodging        | 1 2 4 5 6 7 8 9 10 11 12 13 | 13.6
Invocations    | 3 5 7 8 10 11 12 13 14 15 | 15.0
Evocations     | 3 5 7 8 9 10 | 10.0

Action                   |  1- 3 |  4- 6 |  7- 9 | 10-12 | 13-15 | 16-18 || total
-------------------------+-------+-------+-------+-------+-------+-------++-------
Melee: War axe           |    52 |   117 |   336 |       |       |       ||   505
       Battleaxe         |       |       |    31 |   449 |   857 |   793 ||  2130
Invok: Lesser Servant of |       |       |       |       |     3 |       ||     3
       Greater Servant o |       |       |       |       |     1 |     1 ||     2
 Abil: Heal Wounds       |     2 |     3 |    16 |    28 |     9 |    10 ||    68
Evoke: Wand              |       |       |       |     7 |     5 |     3 ||    15
       Tin of tremorston |       |       |       |       |     4 |    14 ||    18
       Condenser vane    |       |       |       |       |       |     2 ||     2
  Use: Scroll            |       |       |    15 |     4 |    10 |     4 ||    33
       Potion            |       |       |       |     5 |     1 |     3 ||     9
 Stab: Paralysed         |       |       |       |     9 |    12 |       ||    21
       Distracted        |       |       |       |       |       |     3 ||     3
Armor: Scale mail        |     8 |       |       |       |       |       ||     8
       Chain mail        |    14 |    75 |   229 |    31 |       |       ||   349
       Plate armour      |       |       |       |   268 |   488 |   556 ||  1312
Dodge: Dodged            |    19 |    17 |   158 |   341 |   847 |   947 ||  2329
Block: Kite shield       |    23 |    64 |   238 |       |       |       ||   325

Table legend: (Time is in decaauts)
 A = Elapsed time spent in this place.
 B = Non-inter-level travel time spent in this place.
 C = Inter-level travel time spent in this place.
 D = Time resting spent in this place.
 E = Time spent auto-exploring this place.
 F = Levels seen in this place.
 G = Mean time per level.
                   A        B        C        D        E       F      G
               +--------+--------+--------+--------+--------+-----+--------+
         Total |  17437 |  15409 |   2028 |    342 |  10163 |  38 |  458.9 |
       Dungeon |  10869 |   9631 |   1238 |    223 |   6738 |  15 |  724.6 |
        Temple |    266 |    236 |     30 |      0 |    233 |   1 |  266.0 |
          Lair |   1866 |   1512 |    354 |      0 |   1243 |   3 |  622.0 |
        Shoals |    948 |    846 |    102 |      0 |    421 |   4 |  237.0 |
     Snake Pit |   1232 |   1093 |    139 |      3 |    494 |   4 |  308.0 |
  Orcish Mines |   1085 |    931 |    154 |      0 |    713 |   2 |  542.5 |
        Depths |    807 |    802 |      5 |    100 |    215 |   5 |  161.4 |
           Zot |     20 |     18 |      2 |      0 |      0 |   1 |   20.0 |
         Abyss |    340 |    340 |      0 |     16 |    104 |   3 |  113.3 |
               +--------+--------+--------+--------+--------+-----+--------+

Top non-repeatable levels by time:
    D:14: 1065 daAuts
    D:11: 1049 daAuts
    D:13: 972 daAuts
     D:4: 926 daAuts
    D:12: 889 daAuts
     D:5: 824 daAuts
  Lair:2: 780 daAuts
    D:10: 780 daAuts
    D:15: 761 daAuts
  Lair:3: 723 daAuts
     D:6: 717 daAuts
     D:8: 683 daAuts
   Orc:2: 673 daAuts
Shoals:4: 668 daAuts
     D:3: 660 daAuts
